 Dungeon Crawl Stone Soup version 0.20-a0-296-gf222164 (webtiles) character file.

1634917 Leszczynek the Slayer (level 27, 207/207 HPs)
             Began as a Human Wanderer on Dec 13, 2016.
             Was a High Priest of Hepliaklqana.
             Escaped with the Orb
             ... and 3 runes on Dec 15, 2016!
             The game lasted 05:27:50 (75450 turns).

Leszczynek the Slayer (Human Wanderer)             Turns: 75450, Time: 05:27:51

Health: 207/207    AC: 35    Str: 19    XL:     27
Magic:  11/11      EV: 29    Int: 17    God:    Hepliaklqana [*****.]
Gold:   293        SH: 16    Dex: 20    Spells: 12/39 levels left

rFire  + + +     SeeInvis +     a - +10 broad axe of Fimbulwinter {antimagic, rPois MR+}
rCold  + . .     Gourm    .     K - +8 fire dragon scales
rNeg   . . .     Faith    .     o - +2 shield {rC+}
rPois  +         Spirit   .     Y - +3 crown of Dyrovepreva {rElec Int+2 SInv}
rElec  +         Reflect  .     N - +2 cloak {MR+}
rCorr  .         Harm     .     I - +2 pair of gloves {Str+3}
MR     ++++.                    i - +2 pair of boots
Stlth  +.........               q - amulet of regeneration
                                r - ring of protection from cold
                                v - ring of Shaolin {EV+8}

@: very slightly contaminated, repel missiles
A: reduced essence, talons 1, deterioration 1, fire resistance 1
0: Orb of Zot
}: 3/15 runes: serpentine, barnacled, silver
a: Recall Ancestor, Ancestor Identity, Transference, Idealise, Renounce Religion


You escaped.
You worshipped Hepliaklqana.
Hepliaklqana was extremely pleased with you.
You were not hungry.

You visited 10 branches of the dungeon, and saw 50 of its levels.
You visited 2 bazaars.
You also visited: Ossuary, Bailey and Volcano.

You collected 9901 gold pieces.
You spent 9608 gold pieces at shops.

Inventory:

Hand Weapons
 a - the +10 broad axe of Fimbulwinter (weapon) {antimagic, rPois MR+}
   (You took it off a deep elf death mage on level 3 of the Elven Halls)

   It reduces the magical energy of the wielder, and disrupts the spells and
   magical abilities of those hit.
   Natural abilities and divine invocations are not affected.
   It protects you from poison.
   It affects your resistance to hostile enchantments.
Missiles
 A - 13 throwing nets (quivered)
Armour
 i - a +2 pair of boots (worn)
 o - a +2 shield of cold resistance (worn)
 I - a +2 pair of gloves of strength (worn)
 K - +8 fire dragon scales (worn)
 N - a +2 cloak of magic resistance (worn)
 Y - the +3 crown of Dyrovepreva (worn) {rElec Int+2 SInv}
   (You bought it in a shop on level 3 of the Elven Halls)

   It affects your intelligence (+2).
   It insulates you from electricity.
   It lets you see invisible.
Rods
 b - a +5 rod of shadows (10/10)
   (You took it off a centaur warrior on level 4 of the Depths)
Jewellery
 e - an uncursed ring of resist corrosion
 q - an amulet of regeneration (around neck)
 r - a ring of protection from cold (right hand)
 v - the ring of Shaolin (left hand) {EV+8}
   (You took it off a purple draconian on level 5 of the Depths)

   [ring of evasion]

   It affects your evasion (+8).
 w - the amulet of Buthray {RegenMP +Inv rF- rN+++ SInv}
   (You acquired it on level 4 of the Shoals)

   [amulet of magic regeneration]

   It increases your magic regeneration.
   It makes you vulnerable to fire.
   It renders you almost immune to negative energy.
   It lets you see invisible.
   It lets you turn invisible.
 D - a +5 ring of slaying
Wands
 c - a wand of hasting (6/9)
 g - a wand of iceblast (8/15)
 k - a wand of confusion (22/48)
 p - a wand of digging (13/24)
 u - a wand of heal wounds (5/9)
 F - a wand of teleportation (4/9)
 G - a wand of disintegration (7/24)
 T - a wand of enslavement (11/24)
 U - a wand of disintegration (8/24)
 X - a wand of acid (6/15)
Scrolls
 j - 17 scrolls of remove curse
 m - 4 scrolls of fear
 n - a scroll of holy word {!r}
 J - 6 scrolls of fog
 M - 3 scrolls of blinking
 R - a scroll of recharging
 S - 4 scrolls of identify
 W - 2 scrolls of summoning
Potions
 f - 2 potions of lignification {!q}
 h - 17 potions of curing
 l - 4 potions of ambrosia
 x - 2 potions of cancellation
 C - 6 potions of agility
 E - a potion of invisibility
 H - 4 potions of resistance
 L - 2 potions of heal wounds
 P - a potion of might
 V - 4 potions of cure mutation {!q}
Miscellaneous
 y - a lamp of fire
 z - 4 boxes of beasts
 B - 4 phantom mirrors
 O - a phial of floods
 Q - a fan of gales
Comestibles
 d - 10 bread rations
 s - 18 meat rations


   Skills:
 + Level 21.8 Fighting
   Level 7.0 Short Blades
 + Level 17.6(20.7) Axes
   Level 19.1(21.5) Polearms
   Level 2.8 Crossbows
 - Level 1.0 Throwing
 - Level 14.1 Armour
 - Level 15.2 Dodging
 - Level 2.6 Stealth
 - Level 15.0 Shields
 - Level 6.5 Spellcasting
 - Level 9.7 Charms
 - Level 4.3 Summonings
 - Level 10.0 Necromancy
 - Level 10.2 Translocations
 - Level 5.2 Air Magic
 - Level 12.2 Invocations
 - Level 15.1 Evocations


You had 12 spell levels left.
You knew the following spells:

 Your Spells              Type           Power        Failure   Level  Hunger
a - Swiftness             Chrm/Air       ####....     1%          2    None
b - Passwall              Tmut/Erth      #.........   52%         2    None
c - Blink                 Tloc           N/A          1%          2    None
d - Song of Slaying       Chrm           #####...     1%          2    None
e - Spectral Weapon       Hex/Chrm       ###.....     17%         3    ##.....
f - Apportation           Tloc           #####.....   1%          1    None
g - Summon Butterflies    Summ           ###.....     8%          1    None
h - Irradiate             Conj/Tmut      #.........   100%        5    #####..
i - Passage of Golubria   Tloc           N/A          6%          4    ####...
q - Regeneration          Chrm/Necr      #####.....   1%          3    ##.....
w - Repel Missiles        Chrm/Air       ####..       1%          2    None


Dungeon Overview and Level Annotations

Branches:
Dungeon (15/15)            Temple (1/1) D:4            Lair (6/6) D:11
 Shoals (4/4) Lair:2        Snake (4/4) Lair:4        Slime (0/5) Lair:6
    Orc (2/2) D:12            Elf (3/3) Orc:2        Vaults (5/5) D:13
  Crypt (0/3) Vaults:3     Depths (5/5) D:15            Zot (5/5) Depths:5

Altars:
Ashenzari
Cheibriados
Dithmenos
Elyvilon
Fedhas
Gozag
Hepliaklqana
Kikubaaqudgha
Makhleb
Nemelex Xobeh
Okawaru
Qazlal
Ru
Sif Muna
Trog
Uskayaw
Vehumet
Xom
Yredelemnul
Zin
The Shining One

Shops:
Orc:2 ?**:((   Elf:3 }[%[!   Shoals:2 (   Snake:3 =}(!   Vaults:2 *[
Vaults:3 *   Vaults:5 [?}*%!%!%?!%?   Depths:3 (

Portals:
Hell: Depths:1 Depths:2 Depths:3 Depths:4 Depths:5
Abyss: Depths:2 Depths:4
Pandemonium: Depths:2 Depths:3
Ziggurat: Depths:2

Annotations:
D:5 1 runed door
D:10 exclusions: electric eel and 4 more exclusions
Lair:2 Nergalle
Lair:6 1 runed door
Elf:2 5 runed doors
Depths:3 2 runed doors
Zot:3 exclusion: downstairs


Innate Abilities, Weirdness & Mutations

Your life essence is reduced. (-10% HP)
You have sharp toenails.
Your body sometimes deteriorates upon taking damage.
Your flesh is heat resistant. (rF+)


Message History

Strange energies course through your body.
You feel yourself wasting away.
Xochitl gestures wildly while chanting.
Xochitl seems to speed up.
A rat comes into view.
Some rock shatters into small pieces.
You hear a grinding noise.
You enter the shallow water.
Moving in this stuff is going to be slow.
You block the sixfirhy's attack.
Xochitl hits the rat with a broad axe of speed!
The rat dies!
You hear a grinding noise.
You block the sixfirhy's attack.
You hear a grinding noise.
The sixfirhy misses you. The sixfirhy barely misses you.
Unknown command.
There is a staircase leading out of the dungeon here.
Unknown command.
You have escaped!

.....# .............#..#.......
.....# #......4...2.#..........
.....# ##............##.........
.....# #........................
.....# ##..#≈...4...≈.#..........
.....##....≈♣≈..R..≈♣≈...........
.....#..#.≈♣⌠♣r≈3≈≈♣⌠♣≈.#.#......
.......##..≈♣.......♣≈... .......
###.........≈...@...≈...# #......
##....(...≈♣........≈..# #......
#........≈♣⌠♣≈≈≈≈≈.⌠.≈####......
#..#.......≈♣≈.....≈.≈...........
#.####..#...≈.......≈..######....
## #.##..............######.##.
#...................#...)#..
##.#################.........
##..# #.........


You could see the friendly Xochitl the knight, a cacodemon, 2 orange demons, a
sixfirhy and a rat.

Vanquished Creatures
  5 orbs of fire (Zot:5)
  3 ancient liches (Zot:5)
  Mennas (Vaults:2)
  2 juggernauts
  Boris (Depths:4)
  Saint Roka (Vaults:2)
  A Killer Klown (Zot:5)
  Xtahua (Depths:3)
  A caustic shrike (Depths:4)
  3 curse toes (Zot:5)
  3 golden dragons
  the Enchantress (Depths:2)
  An electric golem (Zot:5)
  Jorgrun (Snake:3)
  3 liches
  7 tentacled monstrosities
  18 Orb Guardians
  Asterion (Snake:3)
  6 titans
  An Executioner (Depths:5)
  2 deep elf blademasters (Elf:3)
  Frances (Elf:1)
  6 quicksilver dragons
  5 sphinxes
  Gastronok (D:8)
  2 death cobs (Zot:5)
  3 tengu reavers
  4 storm dragons
  Ilsuiw (Shoals:4)
  3 draconian monks (Depths:5)
  5 nagarajas
  3 shadow dragons (Vaults:5)
  2 draconian knights
  2 iron dragons
  A ghost moth (Zot:3)
  7 fire giants
  11 vault wardens
  7 deep elf sorcerers
  3 spriggan defenders (Depths:2)
  4 deep elf elementalists
  A draconian stormcaller (Zot:3)
  A draconian scorcher (Zot:5)
  2 draconian shifters (Zot:5)
  4 frost giants
  7 ironheart preservers
  2 draconian annihilators
  2 war gargoyles
  4 very ugly things
  15 stone giants
  6 green draconians
  2 vampire knights (Depths:2)
  7 black draconians
  A juggernaut skeleton (Depths:2)
  6 deep elf annihilators
  9 deep elf demonologists
  4 white draconians
  5 spark wasps
  10 purple draconians
  A yellow draconian (Zot:5)
  A red draconian (Zot:5)
  A blizzard demon (Depths:2)
  9 merfolk impalers
  5 deep elf death magi
  9 ettins
  7 ogre magi
  Snorg (D:13)
  3 merfolk javelineers (Shoals:4)
  12 yaktaur captains
  Josephine (Lair:6)
  11 great orbs of eyes
  23 vault guards
  6 ice dragons
  11 fire dragons
  A deep elf high priest (Elf:1)
  Harold (D:10)
  A monstrous demonspawn (D:14)
  A hydra (Lair:3)
  2 rakshasas
  7 centaur warriors
  6 merfolk aquamancers
  6 naga warriors
  2 alligator snapping turtles
  4 merfolk avatars
  A death knight (Vaults:4)
  2 anacondas
  A catoblepas (Lair:6)
  11 dancing weapons
  A spriggan air mage (Depths:2)
  5 deep troll shamans
  3 death yaks (Lair:6)
  4 tengu warriors
  A satyr (Shoals:3)
  3 orc high priests
  2 shock serpents
  A vampire mage (Depths:3)
  3 deep troll earth magi
  5 spriggan berserkers
  14 deep elf knights
  8 naga sharpshooters
  16 hell knights
  2 skeletal warriors (D:14)
  2 iron trolls (Depths:3)
  A sixfirhy (D:14)
  3 salamander mystics
  2 small abominations
  2 torturous demonspawn (Depths:2)
  3 death drakes (Depths:5)
  3 wizards
  6 sea snakes
  12 deep trolls
  4 removed MONS_HILL_GIANTs
  9 deep elf archers
  An unseen horror (Vaults:1)
  5 lindwurms
  6 naga ritualists
  A tengu zombie (Depths:1)
  A flayed ghost (Depths:3)
  9 ironbrand convokers
  4 mana vipers
  A stone giant zombie (Depths:2)
  7 orc knights
  6 necromancers
  A phantasmal warrior (Vaults:5)
  24 deep elf magi
  11 harpies
  5 cyclopes
  3 wolf spiders
  8 salamanders
  A salamander (shapeshifter) (Vaults:3)
  22 ugly things
  An orc sorcerer (Vaults:2)
  10 manticores
  17 slime creatures
  8 fauns
  15 black mambas
  4 moths of wrath
  4 merfolk sirens
  A toenail golem (D:10)
  2 guardian serpents
  Maurice (D:10)
  A rust devil (Depths:5)
  7 vault sentinels
  8 spiny frogs
  4 water nymphs
  15 naga magi
  4 centaur skeletons
  4 gargoyles
  3 torpor snails (Lair:6)
  An orange demon (D:10)
  14 rime drakes
  2 spiny frogs (shapeshifter) (Depths:4)
  33 yaktaurs
  2 kobold demonologists
  A komodo dragon (shapeshifter) (Depths:3)
  9 komodo dragons
  A tormentor (D:10)
  18 merfolk
  A troll (shapeshifter) (Vaults:4)
  4 tengu conjurers
  2 meliai (shapeshifter)
  A polar bear (Lair:6)
  A jumping spider (shapeshifter) (Depths:1)
  6 trolls
  3 tyrant leeches (Lair:6)
  7 hornets
  5 wind drakes
  29 two-headed ogres
  A hornet (shapeshifter) (Vaults:5)
  13 blink frogs
  Prince Ribbit (D:8)
  A tyrant leech (shapeshifter) (Vaults:5)
  A raiju (shapeshifter) (Vaults:2)
  6 air elementals
  8 snapping turtles
  A hippogriff (shapeshifter) (Vaults:4)
  An iron dragon simulacrum (Depths:1)
  4 dream sheep (Lair:6)
  2 ettin zombies (Depths:1)
  13 hippogriffs
  A dream sheep (shapeshifter) (Vaults:1)
  32 yaks
  6 spriggans (Depths:2)
  7 water elementals
  A spriggan (shapeshifter) (Depths:4)
  A tarantella (shapeshifter) (Vaults:4)
  6 wraiths
  2 wyverns
  2 hogs (D:9)
  2 shadows
  Eustachio (D:5)
  5 fire elementals (Elf:1)
  2 fire bats (Depths:5)
  A golden eye (shapeshifter) (Vaults:4)
  5 basilisks
  6 steam dragons
  2 hungry ghosts
  A chaos spawn (Zot:2)
  A vampire mosquito (D:14)
  A large abomination (Depths:4)
  43 nagas
  3 wargs
  An acid dragon (shapeshifter) (Depths:4)
  2 soldier ants
  17 water moccasins
  2 acid dragons
  3 floating eyes
  7 porcupines
  30 orc warriors
  2 swamp drakes (Depths:5)
  3 ice beasts
  An eye of draining (shapeshifter) (D:14)
  A sky beast (D:11)
  A black bear (D:9)
  A necrophage (D:11)
  3 phantoms
  5 boggarts
  25 ogres
  3 wolves (Lair:4)
  13 centaurs
  10 crocodiles
  17 bullfrogs
  2 big kobolds
  A human zombie (Vaults:4)
  A human skeleton (Vaults:4)
  An earth elemental (Elf:1)
  A hornet simulacrum (D:10)
  3 scorpions
  13 killer bees
  5 wights
  5 electric eels
  3 howler monkeys
  4 crimson imps
  A centaur zombie (D:10)
  29 orc priests
  7 hounds
  3 jellies
  A bullfrog skeleton (D:13)
  Crazy Yiuf (D:3)
  3 hell rats (Lair:6)
  Terence (D:3)
  4 iguanas
  Natasha (thrice) (D:3)
  18 orc wizards
  9 worker ants
  2 big kobold zombies (Ossuary)
  3 hound skeletons
  4 mummies (Ossuary)
  Robin (D:2)
  12 adders
  5 gnolls
  6 shadow imps
  2 white imps (D:10)
  An ufetubus (D:12)
  An ooze (D:3)
  3 adder skeletons
  2 adder zombies
  3 worms
  2 dart slugs
  5 leopard geckos
  69 orcs
  11 bats
  14 giant cockroaches
  16 goblins
  15 hobgoblins
  7 jackals
  3 quokkas
  5 frilled lizards
  2 hobgoblin zombies (Ossuary)
  20 kobolds
  2 leopard gecko skeletons
  10 rats
  A butterfly (D:5)
  A crawling corpse (Elf:3)
  2 plants
1528 creatures vanquished.

Vanquished Creatures (collateral kills)
  Mara (Depths:4)
  An orb of fire (Zot:5)
  2 ancient liches (Zot:5)
  Margery (Depths:4)
  A Killer Klown (Zot:5)
  6 golden dragons
  A bone dragon (Vaults:3)
  2 electric golems
  7 tentacled monstrosities
  9 Orb Guardians (Zot:5)
  3 titans (Vaults:5)
  A kraken (Shoals:4)
  A death cob (Zot:5)
  2 sphinxes
  2 storm dragons
  4 fire giants
  3 tengu reavers (Vaults:5)
  3 shadow dragons
  3 nagarajas (Snake:4)
  2 deep elf sorcerers (Elf:3)
  2 draconian monks
  3 draconian knights
  An iron dragon (Depths:4)
  3 frost giants
  A draconian scorcher (Zot:3)
  A cacodemon (Depths:5)
  2 vault wardens
  2 draconian annihilators (Depths:5)
  A draconian shifter (Zot:5)
  10 ironheart preservers
  A spriggan defender (Depths:4)
  8 stone giants
  9 very ugly things
  A draconian stormcaller (Zot:3)
  A green draconian (Zot:5)
  2 deep elf annihilators (Elf:3)
  2 deep elf demonologists (Elf:3)
  5 purple draconians
  2 black draconians
  5 red draconians
  A yellow draconian (Zot:3)
  A spark wasp (Depths:5)
  4 white draconians
  2 merfolk javelineers
  7 ettins
  4 fire dragons
  3 merfolk impalers (Shoals:4)
  4 deep elf death magi (Elf:3)
  4 rakshasas
  2 deep elf high priests (Elf:3)
  6 great orbs of eyes
  2 naga warriors
  5 yaktaur captains
  9 vault guards
  3 ice dragons
  2 hydras (Lair:6)
  A merfolk avatar (Shoals:4)
  4 spriggan air magi
  5 centaur warriors
  A catoblepas (Lair:6)
  A two-headed ogre (shapeshifter) (Vaults:5)
  25 two-headed ogres
  6 dancing weapons
  8 ogre magi
  2 death yaks (Lair:6)
  A satyr (Shoals:4)
  A vampire mage (Depths:1)
  A death knight (Vaults:3)
  A deep troll shaman (Vaults:2)
  5 deep troll earth magi
  3 tengu warriors
  2 spriggan berserkers
  3 shock serpents
  4 orc high priests (Orc:2)
  10 deep elf knights
  2 naga sharpshooters
  3 hell knights
  A sun demon (D:4)
  2 sixfirhies
  3 skeletal warriors
  A spark wasp zombie (Depths:2)
  A swamp dragon (Lair:6)
  8 sea snakes
  An unseen horror (D:12)
  2 death drakes (Depths:5)
  2 naga ritualists
  6 deep elf archers
  7 ironbrand convokers
  5 deep trolls
  2 lindwurms
  7 orc knights
  2 necromancers
  14 deep elf magi
  A harpy (shapeshifter) (D:14)
  3 mana vipers
  6 harpies
  2 wolf spiders (Vaults:2)
  A fire giant zombie (Depths:1)
  4 cyclopes
  5 salamanders
  A phantasmal warrior (Vaults:5)
  3 manticores
  3 fauns
  A shining eye (shapeshifter) (Vaults:2)
  The ghost of Azzok the Ruffian, a novice TrMo (Ossuary)
  22 ugly things
  A moth of wrath (Zot:3)
  A merfolk siren (Shoals:4)
  10 naga magi
  12 black mambas
  2 orange demons (Depths:5)
  9 vault sentinels
  3 spiny frogs
  5 water nymphs
  2 torpor snails (Lair:6)
  2 freezing wraiths (Vaults:4)
  A komodo dragon (D:15)
  7 rime drakes
  2 centaur skeletons (D:12)
  An ice devil (Depths:2)
  16 yaktaurs
  A human skeleton (Vaults:4)
  3 tengu conjurers
  5 trolls
  6 hornets
  3 wind drakes
  16 merfolk
  3 dream sheep (Lair:6)
  13 slime creatures
  5 hippogriffs
  5 blink frogs
  2 snapping turtles
  A spriggan zombie (Depths:1)
  A vampire (D:13)
  2 spriggans (Depths:2)
  A stone giant simulacrum (Depths:1)
  An air elemental (Elf:1)
  2 wyverns
  A human (shapeshifter) (Vaults:4)
  6 water elementals
  10 yaks
  4 steam dragons
  A human (D:9)
  2 hogs (D:9)
  A basilisk (Lair:6)
  2 hungry ghosts
  A vampire mosquito (D:14)
  25 nagas
  A warg (Orc:2)
  An acid dragon (D:15)
  7 water moccasins
  5 porcupines
  A black bear (D:6)
  2 swamp drakes (Lair:6)
  3 sky beasts
  19 orc warriors
  A phantom (D:11)
  14 ogres
  2 wolves
  A boggart (Depths:3)
  8 centaurs
  7 crocodiles
  3 big kobolds
  3 bullfrogs
  2 killer bees
  A howler monkey (D:7)
  6 wights
  2 crimson imps (D:12)
  A hound (D:12)
  4 jellies
  12 orc priests
  7 orc wizards
  An iguana (D:13)
  A hell rat (Lair:6)
  6 worker ants
  2 big kobold zombies (Ossuary)
  2 mummies (Ossuary)
  A howler monkey zombie (D:7)
  An adder (D:11)
  2 gnolls
  A shadow imp (D:12)
  2 white imps (D:10)
  An adder skeleton (D:8)
  52 orcs
  A giant cockroach (D:5)
  A jackal (D:6)
  8 kobolds
  3 quokkas
  A hobgoblin zombie (Ossuary)
  A rat (D:1)
  A butterfly (D:5)
  4 plants
  3 tentacles (Shoals:4)
787 creatures vanquished.

Vanquished Creatures (others)
  2 deep elf master archers (Elf:3)
  2 fire giants
  A stone giant (Depths:2)
  A deep elf annihilator (Vaults:3)
  A purple draconian (Zot:3)
  A merfolk javelineer (Shoals:4)
  A yaktaur captain (Vaults:1)
  A satyr (Shoals:4)
  3 centaur warriors
  A merfolk aquamancer (Shoals:4)
  A two-headed ogre (Volcano)
  An ironbrand convoker (Vaults:5)
  A deep elf archer (Elf:3)
  2 deep elf magi
  A manticore (Shoals:4)
  A cyclops (Shoals:4)
  A black mamba (Snake:4)
  A water nymph (Shoals:4)
  6 yaktaurs
  A merfolk (Shoals:4)
  2 nagas (Snake:4)
  An orc warrior (Vaults:2)
  46 knights
  A bush (Depths:5)
  18 fungi
  45 plants
  9 tentacles
  4 toadstools (D:1)
156 creatures vanquished.

Grand Total: 2471 creatures vanquished

Notes
Turn   | Place    | Note
-------+----------+-------------------------------------------
     0 | D:1      | Leszczynek the Human Wanderer began the quest for the Orb.
     0 | D:1      | Leszczynek set off with: 2 curare-tipped needles, a +2 blowgun, a potion of curing, a bread ration, 23 bolts, a +0 robe, a +0 hand crossbow
     0 | D:1      | Reached XP level 1. HP: 21/21 MP: 1/1
     0 | D:1      | stats 12/11/13 (+4/+3/+5)
    64 | D:1      | -3 cursed short sword
    64 | D:1      | not blue, normal one
    64 | D:1      | HA HA GOT YOU XD XD XD
   131 | D:1      | Reached XP level 2. HP: 23/27 MP: 2/2
   602 | D:1      | elec dagger
   602 | D:1      | let's die to it
   631 | D:2      | Reached skill level 1 in Dodging
   637 | D:2      | Reached XP level 3. HP: 26/33 MP: 3/3
  1257 | D:2      | Noticed Robin
  1386 | D:1      | Reached skill level 2 in Dodging
  1891 | D:3      | Noticed Terence
  2042 | D:3      | Reached XP level 4. HP: 32/39 MP: 4/4
  2084 | D:3      | Noticed Natasha
  2108 | D:3      | Killed Natasha
  2108 | D:3      | Reached skill level 2 in Stealth
  2353 | D:3      | Noticed Natasha
  2702 | D:2      | Reached skill level 1 in Polearms
  2786 | D:2      | Reached XP level 5. HP: 44/44 MP: 5/5
  2968 | D:2      | Killed Robin
  3105 | D:3      | Killed Natasha
  3105 | D:3      | Reached skill level 2 in Polearms
  3130 | D:3      | Killed Terence
  3153 | D:3      | Reached skill level 3 in Polearms
  3214 | D:2      | Reached XP level 6. HP: 39/51 MP: 6/6
  3420 | D:3      | Found a runed door.
  3424 | D:3      | Noticed Crazy Yiuf
  3429 | D:3      | Killed Crazy Yiuf
  3429 | D:3      | Reached skill level 4 in Polearms
  3555 | D:3      | Noticed Natasha
  3567 | D:3      | Killed Natasha
  3925 | D:4      | Reached skill level 5 in Polearms
  3925 | D:4      | Reached XP level 7. HP: 42/56 MP: 7/7
  4168 | D:4      | Found a staircase to the Ecumenical Temple.
  4197 | Temple   | Entered the Ecumenical Temple
  4241 | Temple   | Became a worshipper of Hepliaklqana the Forgotten
  4268 | D:4      | Reached skill level 6 in Polearms
  4513 | D:5      | Entered Level 5 of the Dungeon
  4608 | D:5      | Identified the cursed +0 morningstar "Leaxtis" {vamp, MR- Int+2 SInv} (You found it on level 5 of the Dungeon)
  4853 | D:5      | Identified the +6 falchion "Killer Klown's Bane" {slice, MR+ Str-5 Int+4 Stlth+} (You found it on level 5 of the Dungeon)
  4887 | D:5      | Reached skill level 7 in Polearms
  4887 | D:5      | Reached XP level 8. HP: 55/55 MP: 8/8
  5125 | D:5      | Noticed Eustachio
  5140 | D:5      | Killed Eustachio
  5140 | D:5      | Reached skill level 8 in Polearms
  5634 | D:5      | Found a runed door.
  5652 | D:5      | Found a runed door.
  5904 | D:6      | Reached skill level 9 in Polearms
  5977 | D:6      | Found a shattered altar of Ashenzari.
  6007 | D:6      | Found a stormy altar of Qazlal.
  6052 | D:6      | Reached * piety under Hepliaklqana
  6175 | D:6      | Found a sacrificial altar of Ru.
  6222 | D:6      | Reached XP level 9. HP: 58/61 MP: 9/9
  6576 | D:7      | Identified the Volume of Displacement
  6579 | D:7      | damn, a d:7 broad axe and i went into polearms
  6579 | D:7      | well they do crosstrain i guess
  6625 | D:7      | Reached skill level 10 in Polearms
  6626 | D:7      | Found a bloodstained altar of Trog.
  7085 | D:7      | Reached skill level 11 in Polearms
  7159 | D:8      | Noticed Gastronok
  7206 | D:8      | Found a sand-covered staircase.
  7302 | Ossuary  | Entered an ossuary
  7302 | Ossuary  | Reached ** piety under Hepliaklqana
  7326 | Ossuary  | Noticed Azzok's ghost (novice TrMo)
  7346 | Ossuary  | Killed Azzok's ghost
  7796 | D:8      | HP: 3/61 [orc priest/divine providence (13)]
  7797 | D:8      | Reached skill level 12 in Polearms
  7807 | D:8      | Reached XP level 10. HP: 25/66 MP: 10/10
  8078 | D:8      | Noticed Prince Ribbit
  8086 | D:8      | Killed Prince Ribbit
  8086 | D:8      | Reached skill level 6 in Fighting
  8254 | D:8      | Found an iron altar of Okawaru.
  8440 | D:8      | Remembered your ancestor Xochitl as a knight
  8490 | D:8      | Reached skill level 7 in Fighting
  8805 | D:9      | Reached *** piety under Hepliaklqana
  8923 | D:9      | Reached skill level 8 in Fighting
  8930 | D:9      | Got a pitted lead amulet
  8931 | D:9      | Identified the amulet "Witil" {RegenMP +Blink +Fly rN+} (You found it on level 9 of the Dungeon)
  9270 | D:10     | Entered Level 10 of the Dungeon
  9347 | D:10     | Reached skill level 2 in Short Blades
  9351 | D:10     | Reached skill level 3 in Short Blades
  9393 | D:10     | Reached skill level 4 in Short Blades
  9399 | D:10     | Reached XP level 11. HP: 59/77 MP: 11/11
  9492 | D:10     | Noticed a brown ugly thing
  9495 | D:10     | ...
  9501 | D:10     | Found a flagged portal.
  9536 | Bailey   | Entered a bailey
  9540 | D:10     | no way
  9559 | D:10     | Killed a brown ugly thing
  9559 | D:10     | Reached skill level 5 in Short Blades
  9559 | D:10     | Reached skill level 1 in Evocations
  9646 | D:10     | HP: 5/77 [orc priest/divine providence (12)]
  9650 | D:10     | Reached skill level 2 in Evocations
  9663 | D:10     | Got a crude scimitar {pain}
  9664 | D:10     | Identified the +3 scimitar of the Chickpea {pain, Fragile rPois rN++ SInv} (You took it off an orc on level 10 of the Dungeon)
  9665 | D:10     | >fragile
  9665 | D:10     | well shit
  9914 | D:10     | Noticed Maurice
  9928 | D:10     | Killed Maurice
  9928 | D:10     | Reached skill level 6 in Short Blades
 10294 | D:10     | Reached skill level 3 in Evocations
 10393 | D:10     | Reached skill level 7 in Short Blades
 10604 | D:10     | Reached skill level 3 in Dodging
 10746 | D:10     | Noticed a hill giant
 10789 | D:10     | Killed a hill giant
 11082 | D:10     | Noticed Harold
 11668 | D:10     | Killed Harold
 11668 | D:10     | Reached skill level 4 in Evocations
 11878 | D:10     | Reached skill level 4 in Dodging
 11881 | D:10     | Reached skill level 13 in Polearms
 12457 | D:11     | btw that d:3 bardiche was -2 cursed
 12458 | D:11     | Found a staircase to the Lair.
 12522 | D:11     | Noticed a hill giant
 12534 | D:11     | Killed a hill giant
 12534 | D:11     | Reached skill level 5 in Evocations
 12534 | D:11     | Reached XP level 12. HP: 82/82 MP: 15/15
 13655 | D:11     | Reached **** piety under Hepliaklqana
 13902 | D:11     | Reached skill level 1 in Invocations
 13902 | D:11     | Reached skill level 6 in Evocations
 14005 | D:11     | Reached skill level 14 in Polearms
 14412 | D:11     | Reached skill level 2 in Invocations
 14947 | D:12     | Got a jewelled chain mail
 14958 | D:12     | Identified the cursed +0 chain mail of Wrong Decisions {rPois rF++ Regen+ Slay-6} (You found it on level 12 of the Dungeon)
 14958 | D:12     | slay-6
 14958 | D:12     | lel
 14989 | D:12     | Reached skill level 3 in Invocations
 15089 | D:12     | Reached skill level 5 in Dodging
 16122 | D:12     | Found a staircase to the Orcish Mines.
 16317 | D:12     | Killed an unseen horror
 16317 | D:12     | Reached skill level 4 in Invocations
 16317 | D:12     | Reached XP level 13. HP: 55/88 MP: 17/17
 16569 | D:12     | Reached skill level 15 in Polearms
 16906 | D:13     | Reached skill level 6 in Dodging
 17346 | D:13     | Reached skill level 5 in Invocations
 17800 | D:13     | Noticed Snorg
 18228 | Lair:1   | Entered Level 1 of the Lair of Beasts
 18700 | Lair:1   | Reached skill level 6 in Invocations
 19464 | Lair:2   | Noticed Nergalle
 19612 | Lair:2   | Reached skill level 9 in Fighting
 19883 | Lair:2   | Reached skill level 16 in Polearms
 20366 | Lair:2   | Reached XP level 14. HP: 97/97 MP: 19/19
 20451 | Lair:2   | Reached skill level 7 in Invocations
 20832 | Lair:2   | Found a staircase to the Shoals.
 21449 | Lair:3   | Upgraded the game from 0.20-a0-277-g7db01f4 to 0.20-a0-296-gf222164
 22295 | Lair:3   | Reached skill level 1 in Armour
 22445 | Lair:3   | Reached ***** piety under Hepliaklqana
 22809 | Lair:4   | Found a basalt altar of Yredelemnul.
 22844 | Lair:4   | Found a staircase to the Snake Pit.
 22894 | Lair:4   | Reached skill level 10 in Fighting
 23285 | Lair:4   | Reached skill level 2 in Armour
 24007 | Lair:4   | Reached skill level 17 in Polearms
 24368 | Lair:5   | Reached skill level 3 in Armour
 25429 | Lair:6   | Entered Level 6 of the Lair of Beasts
 25429 | Lair:6   | Noticed Josephine
 25430 | Lair:6   | wow, josephine with distortion
 25822 | Lair:6   | Killed Josephine
 25822 | Lair:6   | Reached skill level 4 in Armour
 26051 | Lair:6   | Learned a level 3 spell: Regeneration
 26141 | Lair:6   | Reached XP level 15. HP: 105/105 MP: 20/20
 26273 | Lair:6   | Reached skill level 11 in Fighting
 26513 | Lair:6   | Reached skill level 5 in Armour
 26736 | Lair:6   | Found a staircase to the Slime Pits.
 27630 | Lair:6   | Reached skill level 18 in Polearms
 27722 | Lair:6   | Found a runed door.
 27763 | Lair:6   | Reached skill level 6 in Armour
 28591 | Lair:6   | Got a fine scale mail
 28602 | Lair:6   | Identified the cursed +0 scale mail of Vlad {rC+ Str+5} (You found it on level 6 of the Lair of Beasts)
 28843 | Orc:1    | Entered Level 1 of the Orcish Mines
 28970 | Orc:2    | Entered Level 2 of the Orcish Mines
 29019 | Orc:2    | Found Gij Myrr's Magic Scroll Shop.
 29038 | Orc:2    | Found a dark tunnel.
 29178 | Volcano  | Entered a volcano
 29220 | Volcano  | Found a burning altar of Makhleb.
 29680 | Orc:2    | Found Soygets's General Store.
 30342 | Orc:2    | Found a staircase to the Elven Halls.
 30862 | Orc:1    | Found a burning altar of Makhleb.
 30867 | Orc:1    | Reached skill level 12 in Fighting
 31242 | Orc:1    | Reached XP level 16. HP: 54/114 MP: 21/21
 31529 | Orc:2    | Found Ositwini's Antique Weapon Shoppe.
 32709 | Orc:2    | Found Faycoank's Armour Emporium.
 32709 | Orc:2    | Found Womedo Inih's General Store.
 32710 | Orc:2    | Found Opny's Weapon Shoppe.
 32710 | Orc:2    | Found Myofit's Book Emporium.
 32723 | Orc:2    | Bought a scroll of teleportation for 48 gold pieces
 32723 | Orc:2    | Bought a wand of disintegration (14/24) for 288 gold pieces
 32723 | Orc:2    | Bought a potion of might for 64 gold pieces
 32780 | Orc:2    | Bought a scroll of blinking for 120 gold pieces
 32780 | Orc:2    | Bought a wand of digging (14/24) for 576 gold pieces
 32780 | Orc:2    | Bought an uncursed amulet of regeneration for 480 gold pieces
 32793 | Orc:2    | Bought a scroll of magic mapping for 38 gold pieces
 32793 | Orc:2    | Bought 2 scrolls of summoning for 209 gold pieces
 32793 | Orc:2    | Bought a scroll of enchant armour for 82 gold pieces
 32793 | Orc:2    | Bought a scroll of enchant armour for 82 gold pieces
 32793 | Orc:2    | Bought a scroll of summoning for 104 gold pieces
 32793 | Orc:2    | Bought a scroll of identify for 22 gold pieces
 32873 | D:13     | Killed Snorg
 32873 | D:13     | Reached skill level 7 in Evocations
 33333 | Orc:2    | Bought the Catalogue of Weightlessness for 768 gold pieces
 33336 | Orc:2    | Learned a level 2 spell: Repel Missiles
 33339 | Orc:2    | Learned a level 2 spell: Swiftness
 33490 | D:13     | Reached skill level 1 in Charms
 33492 | D:13     | Found a gate to the Vaults.
 33673 | D:14     | Reached skill level 1 in Air Magic
 33743 | D:13     | Reached skill level 7 in Dodging
 33824 | D:14     | Reached skill level 2 in Charms
 33854 | D:14     | Learned a level 2 spell: Passwall
 33876 | D:14     | Reached skill level 2 in Air Magic
 34133 | D:14     | Reached skill level 3 in Charms
 34637 | D:15     | Entered Level 15 of the Dungeon
 34895 | D:15     | Reached skill level 3 in Air Magic
 35337 | D:15     | Found a staircase to the Depths.
 35668 | D:15     | Reached skill level 4 in Charms
 36063 | Shoals:1 | Entered Level 1 of the Shoals
 36078 | Shoals:1 | Reached skill level 1 in Spellcasting
 36078 | Shoals:1 | Reached skill level 4 in Air Magic
 36101 | Shoals:1 | Reached ****** piety under Hepliaklqana
 36150 | Shoals:1 | Reached skill level 2 in Spellcasting
 36161 | Shoals:1 | Reached skill level 8 in Dodging
 36291 | Shoals:1 | Reached skill level 3 in Spellcasting
 36496 | Shoals:1 | Learned a level 2 spell: Blink
 36783 | Shoals:1 | Reached XP level 17. HP: 47/119 MP: 22/22
 36935 | Shoals:2 | Found Sutusyli's Antique Weapon Emporium.
 36997 | Shoals:2 | Reached skill level 5 in Charms
 37088 | Shoals:2 | Reached skill level 19 in Polearms
 37206 | Shoals:2 | Reached skill level 5 in Air Magic
 37304 | Shoals:2 | Noticed a kraken
 37450 | Shoals:2 | Reached skill level 1 in Translocations
 37681 | Shoals:3 | Reached skill level 2 in Translocations
 37926 | Shoals:3 | Reached skill level 3 in Translocations
 37949 | Shoals:3 | Reached skill level 9 in Dodging
 38759 | Shoals:1 | Reached skill level 1 in Shields
 38895 | Shoals:3 | Reached skill level 2 in Shields
 39047 | Shoals:3 | Reached skill level 3 in Shields
 39413 | Shoals:3 | Reached skill level 4 in Shields
 39420 | Shoals:4 | Entered Level 4 of the Shoals
 39465 | Shoals:3 | Reached skill level 4 in Translocations
 39775 | Shoals:3 | ok, shoals:4 is out of question
 39775 | Shoals:3 | so what now?
 39775 | Shoals:3 | snake without rpois?
 40154 | Snake:1  | Entered Level 1 of the Snake Pit
 40187 | Snake:1  | 17/18/5 with rpois
 40187 | Snake:1  | ugh
 40187 | Snake:1  | 26/16/5 without rpois
 40358 | Snake:1  | Reached skill level 5 in Translocations
 40528 | Snake:1  | Reached skill level 1 in Necromancy
 40585 | Snake:1  | Reached skill level 2 in Necromancy
 40861 | Snake:1  | Reached skill level 3 in Necromancy
 40986 | Snake:1  | Reached skill level 4 in Necromancy
 41622 | Snake:2  | Reached skill level 5 in Necromancy
 41977 | Snake:2  | Reached skill level 6 in Necromancy
 42064 | Snake:2  | Reached XP level 18. HP: 125/126 MP: 23/23
 42194 | Snake:2  | Reached skill level 6 in Charms
 42880 | Snake:3  | Found Reusmy's Distillery.
 42887 | Snake:3  | Found Ahigaruq's Antique Weapon Shop.
 42887 | Snake:3  | Found Uwne's Gadget Boutique.
 42892 | Snake:3  | Found Noryobb's Jewellery Boutique.
 42898 | Snake:3  | HW wand, hasting wand, fan of gales and rod of shadows in one shop
 42898 | Snake:3  | and i can't afford them
 42901 | Snake:3  | +6 AC ring here
 42969 | Snake:3  | Noticed Asterion
 43029 | Snake:3  | Killed Asterion
 43029 | Snake:3  | Reached skill level 10 in Dodging
 43120 | Snake:3  | Reached skill level 7 in Armour
 43411 | Snake:3  | Reached skill level 8 in Armour
 43450 | Snake:3  | Noticed Jorgrun
 43468 | Snake:3  | Killed Jorgrun
 43615 | Snake:3  | Reached skill level 9 in Armour
 43708 | Snake:4  | Entered Level 4 of the Snake Pit
 44717 | Snake:4  | Got a serpentine rune of Zot
 44732 | Snake:4  | Reached skill level 8 in Invocations
 44949 | Snake:4  | Reached skill level 13 in Fighting
 45009 | Snake:4  | Reached skill level 8 in Evocations
 45104 | Snake:4  | Reached XP level 19. HP: 132/134 MP: 25/25
 45351 | Snake:3  | Bought a wand of hasting (4/9) for 768 gold pieces
 45633 | Vaults:1 | Entered Level 1 of the Vaults
 45680 | Vaults:1 | Reached skill level 9 in Invocations
 46030 | Vaults:1 | Reached skill level 14 in Fighting
 46109 | Vaults:1 | Learned a level 2 spell: Song of Slaying
 46117 | Vaults:1 | Learned a level 3 spell: Spectral Weapon
 46647 | Vaults:2 | Found Loabafom's Assorted Antiques.
 46676 | Vaults:2 | Reached skill level 10 in Invocations
 46681 | Vaults:2 | Reached skill level 10 in Armour
 46874 | Vaults:2 | Reached skill level 11 in Dodging
 46899 | Vaults:2 | Noticed Saint Roka
 46980 | Vaults:2 | fucking hell
 47159 | Vaults:3 | yessss, bazaar with 178 gold
 47217 | Vaults:3 | ughhhhhh
 47277 | Vaults:3 | shieeet
 47284 | Vaults:3 | Reached skill level 4 in Spellcasting
 47290 | Vaults:3 | one hit KO
 47290 | Vaults:3 | fucking crystal spears
 47366 | Vaults:3 | Reached XP level 20. HP: 71/143 MP: 27/27
 47400 | Vaults:3 | Found Koehar's Assorted Antiques.
 47402 | Vaults:3 | Found a flickering gateway to a bazaar.
 47414 | Bazaar   | Entered a bazaar
 47420 | Bazaar   | Found Ugasucre's Jewellery Shop.
 47420 | Bazaar   | Found Xukaraz's Book Boutique.
 47428 | Bazaar   | ring of robustness
 47428 | Bazaar   | oh well
 47617 | Vaults:1 | Reached skill level 6 in Translocations
 47657 | Vaults:1 | Reached skill level 12 in Dodging
 48053 | Vaults:1 | Paralysed by a great orb of eyes for 3 turns
 48060 | Vaults:1 | Reached skill level 5 in Spellcasting
 48581 | Vaults:1 | Reached skill level 7 in Charms
 48778 | Vaults:1 | Reached skill level 13 in Dodging
 49099 | Vaults:2 | Reached skill level 5 in Shields
 49204 | Vaults:2 | Reached skill level 6 in Spellcasting
 49229 | Vaults:2 | Killed Saint Roka
 49297 | Vaults:2 | Reached skill level 6 in Shields
 49344 | Vaults:2 | Found Pozuf's Armour Shop.
 49580 | Vaults:2 | Reached skill level 7 in Shields
 49815 | Vaults:2 | Noticed Mennas
 49859 | Vaults:2 | Killed Mennas
 49859 | Vaults:2 | Reached skill level 8 in Shields
 49859 | Vaults:2 | Reached XP level 21. HP: 48/148 MP: 30/30
 50287 | Vaults:2 | Reached skill level 9 in Shields
 50831 | Vaults:3 | Reached skill level 10 in Shields
 51037 | Vaults:3 | Noticed a bone dragon
 51069 | Vaults:3 | Killed a bone dragon
 51115 | Vaults:3 | Found a staircase to the Crypt.
 51175 | Vaults:3 | Learned a level 1 spell: Apportation
 51177 | Vaults:3 | Learned a level 1 spell: Summon Butterflies
 51376 | Vaults:4 | Reached skill level 1 in Summonings
 51511 | Vaults:4 | Reached skill level 2 in Summonings
 51624 | Vaults:4 | Reached skill level 11 in Shields
 51855 | Vaults:4 | Reached skill level 3 in Summonings
 52377 | Vaults:4 | Reached skill level 4 in Summonings
 52630 | Vaults:4 | Reached skill level 12 in Shields
 53311 | Shoals:4 | Noticed Ilsuiw
 53470 | Shoals:4 | Reached skill level 13 in Shields
 53472 | Shoals:4 | Reached XP level 22. HP: 134/154 MP: 31/31
 54152 | Shoals:4 | Got a barnacled rune of Zot
 54245 | Shoals:4 | Killed Ilsuiw
 54414 | Shoals:4 | Reached skill level 14 in Shields
 54480 | Shoals:4 | Identified 3 scrolls of acquirement
 54483 | Shoals:4 | Identified the +0 hat of Abstinence {MR- Str+10 Dex+6 Slay-2} (You acquired it on level 4 of the Shoals)
 54484 | Shoals:4 | wut
 54484 | Shoals:4 | XD
 54484 | Shoals:4 | it'd be amazing if not for MR-
 54484 | Shoals:4 | honestly that makes it not worth it at all
 54484 | Shoals:4 | Identified the ring of Atiha {MR+ Dex+2} (You acquired it on level 4 of the Shoals)
 54485 | Shoals:4 | Identified the amulet of Buthray {RegenMP +Inv rF- rN+++ SInv} (You acquired it on level 4 of the Shoals)
 54660 | Shoals:4 | damn
 54660 | Shoals:4 | 38 javelins of penetration in the game
 55049 | D:8      | Killed Gastronok
 55474 | Snake:3  | Bought a wand of heal wounds (5/9) for 864 gold pieces
 55746 | Elf:1    | Entered Level 1 of the Elven Halls
 55956 | Elf:1    | Reached skill level 11 in Invocations
 56327 | Elf:1    | Found a frozen archway.
 56450 | Elf:1    | Noticed Frances
 56469 | Elf:1    | Killed Frances
 57258 | Elf:2    | Reached skill level 9 in Evocations
 57271 | Elf:2    | Found a huge runed gate.
 57279 | Elf:2    | Found a huge runed gate.
 57279 | Elf:2    | Found a huge runed gate.
 57280 | Elf:2    | Found a huge runed gate.
 57280 | Elf:2    | Found a huge runed gate.
 57989 | Elf:3    | Entered Level 3 of the Elven Halls
 58011 | Elf:3    | Found Syrhea's Armour Shoppe.
 58022 | Elf:3    | Found Guiloo Uxof's Distillery.
 58059 | Elf:3    | Bought the +3 crown of Dyrovepreva {rElec Int+2 SInv} for 496 gold pieces
 58077 | Elf:3    | Bought a potion of might for 72 gold pieces
 58188 | Elf:3    | Reached XP level 23. HP: 162/162 MP: 32/32
 58196 | Elf:3    | Found Siteed's Food Shoppe.
 58231 | Elf:3    | Reached skill level 15 in Fighting
 58231 | Elf:3    | Reached skill level 10 in Evocations
 58238 | Elf:3    | Found Ogil's Antique Armour Shoppe.
 58252 | Elf:3    | Found Ympoef's Gadget Boutique.
 58256 | Elf:3    | Bought a box of beasts for 220 gold pieces
 58259 | Elf:3    | Bought a phial of floods for 440 gold pieces
 58259 | Elf:3    | Bought a phantom mirror for 330 gold pieces
 58268 | Elf:3    | Bought a pair of runed gloves for 325 gold pieces
 59012 | Elf:3    | Reached skill level 15 in Shields
 59325 | Elf:3    | Identified the +10 broad axe of Fimbulwinter {antimagic, rPois MR+} (You took it off a deep elf death mage on level 3 of the Elven Halls)
 59326 | Elf:3    | ooooohhhhhh
 59326 | Elf:3    | time to train axes
 59326 | Elf:3    | damn
 59358 | Elf:3    | Reached skill level 1 in Axes
 59432 | Elf:3    | Reached skill level 2 in Axes
 59551 | Elf:3    | Reached skill level 3 in Axes
 59716 | Elf:3    | huh, finisher
 59716 | Elf:3    | +5 scythe of speed
 59728 | Elf:3    | Reached skill level 4 in Axes
 59773 | Elf:3    | Reached skill level 5 in Axes
 59775 | Elf:3    | Identified the Tome of Spatial Darkness
 59778 | Elf:3    | Identified the Handbook of Earth and Arcane Weapons
 59870 | Elf:3    | Identified Qeerry's Disquisition on Quantum Earth
 60017 | Elf:3    | Bought a pair of runed boots for 325 gold pieces
 60354 | Depths:1 | Entered Level 1 of the Depths
 60354 | Depths:1 | Found a gateway to Hell.
 60376 | D:15     | Reached skill level 6 in Axes
 60855 | Vaults:3 | Bought a scroll of enchant weapon for 225 gold pieces
 60896 | Vaults:3 | Reached skill level 7 in Axes
 61307 | Snake:3  | Bought a potion of heal wounds for 65 gold pieces
 61307 | Snake:3  | Bought a potion of heal wounds for 65 gold pieces
 61307 | Snake:3  | Bought a potion of heal wounds for 65 gold pieces
 61307 | Snake:3  | Bought a potion of cancellation for 104 gold pieces
 61733 | Depths:1 | Reached skill level 8 in Axes
 61931 | Depths:1 | Reached skill level 9 in Axes
 62219 | Depths:2 | Reached XP level 24. HP: 152/170 MP: 32/32
 62232 | Depths:2 | Reached skill level 10 in Axes
 62450 | Depths:2 | Reached skill level 11 in Axes
 62451 | Depths:2 | Found a one-way gate leading to the halls of Pandemonium.
 62517 | Depths:2 | Found a one-way gate to the infinite horrors of the Abyss.
 62763 | Depths:2 | Found a gateway to a ziggurat.
 63147 | Depths:2 | Reached skill level 12 in Axes
 63150 | Depths:2 | Noticed a juggernaut
 63171 | Depths:2 | Killed a juggernaut
 63471 | Depths:2 | Reached skill level 13 in Axes
 63476 | Depths:2 | Noticed the Enchantress
 63557 | Depths:2 | Killed the Enchantress
 63559 | Depths:2 | Identified the +2 faerie dragon scales {*Slow rElec rF+ rCorr} (You took it off the Enchantress on level 2 of the Depths)
 63560 | Depths:2 | >*Slow
 63564 | Depths:2 | Identified the ring of Free Expression {EV+3 Str+3 Int+2} (You took it off a spriggan defender on level 2 of the Depths)
 63945 | Depths:3 | Found a runed door.
 63950 | Depths:3 | Reached skill level 14 in Axes
 63953 | Depths:3 | Found a runed door.
 64133 | Depths:3 | Noticed Xtahua
 64149 | Depths:3 | Killed Xtahua
 64711 | Depths:3 | Reached XP level 25. HP: 176/176 MP: 32/32
 65033 | Depths:3 | Found Hiafisam's Weapon Shoppe.
 65033 | Depths:3 | Found a runed warning-scrawled door.
 65182 | Depths:4 | Noticed Margery
 65204 | Depths:4 | Killed Margery
 65204 | Depths:4 | Reached skill level 16 in Fighting
 65415 | Depths:4 | Noticed Mara
 65418 | Depths:4 | Noticed Leszczynek's illusion
 65468 | Depths:4 | Noticed Leszczynek's illusion
 65599 | Depths:3 | Reached skill level 11 in Armour
 65721 | Depths:4 | Noticed Boris
 65973 | Depths:4 | Reached skill level 12 in Armour
 66005 | Depths:4 | Killed Boris
 66095 | Depths:4 | Found a flickering gateway to a bazaar.
 66104 | Bazaar   | Entered a bazaar
 66117 | Bazaar   | Found Simmel's Gadget Shop.
 66146 | Bazaar   | Found Cion's Gadget Shop.
 66183 | Bazaar   | Found Yxum's Distillery.
 66201 | Bazaar   | Found Huagg's Distillery.
 66231 | Bazaar   | Bought a potion of resistance for 120 gold pieces
 66231 | Bazaar   | Bought 2 potions of agility for 96 gold pieces
 66231 | Bazaar   | Bought a potion of heal wounds for 60 gold pieces
 66471 | Depths:4 | Paralysed by a floating eye for 3 turns
 66492 | Depths:4 | Identified a +5 rod of shadows (0/10) (You took it off a centaur warrior on level 4 of the Depths)
 66531 | Depths:4 | Killed Mara
 66531 | Depths:4 | Reached skill level 13 in Armour
 66591 | Depths:4 | Noticed a caustic shrike
 66603 | Depths:4 | Killed a caustic shrike
 66751 | Depths:4 | Reached skill level 14 in Armour
 67053 | Depths:5 | Entered Level 5 of the Depths
 67140 | Depths:5 | Reached skill level 14 in Dodging
 67180 | Depths:5 | Paralysed by a floating eye for 2 turns
 67185 | Depths:5 | Reached XP level 26. HP: 133/183 MP: 10/32
 67538 | Depths:5 | Noticed a juggernaut
 67555 | Depths:5 | Killed a juggernaut
 67563 | Depths:5 | Reached skill level 15 in Dodging
 68296 | Depths:5 | Found a gate to the Realm of Zot.
 68324 | Depths:5 | Reached skill level 12 in Invocations
 68376 | Depths:5 | Reached skill level 17 in Fighting
 68584 | Depths:5 | Learned a level 5 spell: Irradiate
 68835 | Depths:5 | Reached skill level 11 in Evocations
 69275 | Vaults:5 | Entered Level 5 of the Vaults
 69533 | Vaults:5 | Found Ehiph's Magic Scroll Emporium.
 69579 | Vaults:5 | Reached XP level 27. HP: 122/193 MP: 8/32
 69583 | Vaults:5 | Reached skill level 7 in Necromancy
 69622 | Vaults:5 | HP: 14/194 [ettin/great mace (38)]
 69630 | Vaults:5 | Found Fefa's Magic Scroll Shoppe.
 69630 | Vaults:5 | Found Yvveq's Gadget Boutique.
 69889 | Vaults:5 | Learned a level 4 spell: Passage of Golubria
 70060 | Vaults:5 | Reached skill level 18 in Fighting
 70245 | Vaults:5 | Reached skill level 12 in Evocations
 70515 | Vaults:5 | Reached skill level 13 in Evocations
 70541 | Vaults:5 | Found Uffusm's Antique Armour Boutique.
 70597 | Vaults:5 | Got a silver rune of Zot
 70609 | Vaults:5 | Found Worrokux's General Store.
 70696 | Vaults:5 | Reached skill level 19 in Fighting
 70719 | Vaults:5 | Found Jaopud's Distillery.
 70825 | Vaults:5 | Found Roywn's Distillery.
 71067 | Vaults:5 | Found Wuokkaon's Food Boutique.
 71067 | Vaults:5 | Found Ofynekhle's Distillery.
 71073 | Vaults:5 | Found Vodwumpe's Food Shop.
 71090 | Vaults:5 | Reached skill level 14 in Evocations
 71162 | Vaults:5 | Found Riprow's Magic Scroll Boutique.
 71162 | Vaults:5 | Found Xipahiul's Food Emporium.
 71187 | Vaults:5 | Bought a scroll of recharging for 104 gold pieces
 71198 | Vaults:5 | Bought a potion of agility for 40 gold pieces
 71206 | Vaults:5 | Found Plog's Food Shoppe.
 71228 | Vaults:5 | Bought a potion of haste for 150 gold pieces
 71228 | Vaults:5 | Bought a potion of heal wounds for 75 gold pieces
 71228 | Vaults:5 | Bought a potion of agility for 60 gold pieces
 71228 | Vaults:5 | Bought a potion of heal wounds for 75 gold pieces
 71228 | Vaults:5 | Bought a potion of cure mutation for 375 gold pieces
 71228 | Vaults:5 | Bought a potion of haste for 150 gold pieces
 71228 | Vaults:5 | Bought a potion of heal wounds for 75 gold pieces
 71242 | Vaults:5 | Bought a scroll of summoning for 104 gold pieces
 71371 | Vaults:5 | Bought a scroll of enchant armour for 120 gold pieces
 71372 | Vaults:5 | Bought a scroll of magic mapping for 56 gold pieces
 71372 | Vaults:5 | Bought a scroll of magic mapping for 56 gold pieces
 71423 | Vaults:5 | Bought a scroll of recharging for 161 gold pieces
 71423 | Vaults:5 | Bought a scroll of summoning for 161 gold pieces
 71848 | Snake:3  | Bought a potion of cure mutation for 325 gold pieces
 72356 | Zot:1    | Entered Level 1 of the Realm of Zot
 72494 | Zot:3    | Reached skill level 15 in Evocations
 72514 | Zot:3    | Reached skill level 20 in Fighting
 72632 | Zot:3    | Reached skill level 15 in Axes
 73178 | Zot:5    | Entered Level 5 of the Realm of Zot
 73453 | Zot:5    | Reached skill level 7 in Translocations
 73496 | Zot:5    | Reached skill level 8 in Translocations
 73648 | Zot:5    | Reached skill level 9 in Translocations
 73745 | Zot:5    | wew lad
 73795 | Zot:5    | Reached skill level 10 in Translocations
 73815 | Zot:5    | Noticed an ancient lich
 73832 | Zot:5    | Killed an ancient lich
 73860 | Zot:5    | Noticed an orb of fire
 73860 | Zot:5    | Gained mutation: You are frail. (-10% HP) [an orb of fire]
 73861 | Zot:5    | Noticed an orb of fire
 73866 | Zot:5    | Noticed an orb of fire
 73873 | Zot:5    | Noticed an orb of fire
 73880 | Zot:5    | Killed an orb of fire
 73880 | Zot:5    | Reached skill level 8 in Necromancy
 73890 | Zot:5    | Killed an orb of fire
 73890 | Zot:5    | Reached skill level 8 in Charms
 73892 | Zot:5    | Killed an orb of fire
 73895 | Zot:5    | Reached skill level 9 in Necromancy
 73906 | Zot:5    | Killed an orb of fire
 73910 | Zot:5    | fucking double zot block i swear to god
 73982 | Zot:5    | Reached skill level 9 in Charms
 74074 | Zot:5    | Reached skill level 10 in Necromancy
 74266 | Zot:5    | Noticed an orb of fire
 74274 | Zot:5    | Gained mutation: You are dopey. (Int -2) [an orb of fire]
 74280 | Zot:5    | Gained mutation: You are very frail. (-20% HP) [an orb of fire]
 74282 | Zot:5    | Noticed an ancient lich
 74286 | Zot:5    | Reached skill level 16 in Axes
 74292 | Zot:5    | Gained mutation: Scrolls take you a little longer to read. [an orb of fire]
 74293 | Zot:5    | Killed an orb of fire
 74307 | Zot:5    | Killed an ancient lich
 74329 | Zot:5    | Reached skill level 21 in Fighting
 74352 | Zot:5    | Lost mutation: You are very frail. (-20% HP) [potion of cure mutation]
 74352 | Zot:5    | Lost mutation: You are frail. (-10% HP) [potion of cure mutation]
 74352 | Zot:5    | Lost mutation: Scrolls take you a little longer to read. [potion of cure mutation]
 74352 | Zot:5    | Lost mutation: You are dopey. (Int -2) [potion of cure mutation]
 74411 | Zot:5    | Noticed an ancient lich
 74422 | Zot:5    | Killed an ancient lich
 74514 | Zot:5    | Noticed an ancient lich
 74530 | Zot:5    | Killed an ancient lich
 74543 | Zot:5    | Noticed an orb of fire
 74544 | Zot:5    | Gained mutation: Your flesh is heat resistant. (rF+) [an orb of fire]
 74548 | Zot:5    | Gained mutation: Armour fits poorly on your strangely shaped body. [an orb of fire]
 74557 | Zot:5    | Killed an orb of fire
 74557 | Zot:5    | Reached skill level 17 in Axes
 74625 | Zot:5    | Noticed an ancient lich
 74632 | Zot:5    | Killed an ancient lich
 74659 | Zot:5    | Lost mutation: Armour fits poorly on your strangely shaped body. [potion of cure mutation]
 74676 | Zot:5    | Got the Orb of Zot
 74900 | Depths:5 | Gained mutation: You have sharp toenails. [a cacodemon]
 75123 | D:14     | Noticed Qetou the pandemonium lord
 75275 | D:10     | Noticed Vuzxycs the pandemonium lord
 75440 | D:1      | Gained mutation: Your body sometimes deteriorates upon taking damage. [a cacodemon]
 75450 | D:$      | Escaped with the Orb!

Vault maps used:
D:1:      ldierk_water_garden, hangedman_decor_diamond_cutter
D:2:      minmay_misc_feat_more_columns, uniq_robin
D:3:      portal_sewer_entry_a, kennysheep_decorative_pillar, uniq_natasha,
          uniq_terence, uniq_crazy_yiuf_cottage
D:4:      first_bread
D:5:      lemuel_insect_pit, uniq_eustachio
D:6:      nicolae_ru_sacrificial_ziggurat, grunt_temple_overflow_open
D:7:      marbit_many_paths
D:8:      lemuel_crystal_altar, enter_ossuary_2, serial_park_tiny_1,
          uniq_prince_ribbit1, uniq_gastronok
D:9:      grunt_livestock
D:10:     serial_ice, serial_ice_c, serial_ice_d, serial_ice_l, serial_ice_e,
          enter_bailey_3, uniq_harold, uniq_maurice
D:11:     nicolae_whirlpool, lair_entry_dummy
D:12:     erik_orc_3, nicolae_two_hexagons
D:13:     erik_vaults_1, uniq_snorg
D:14:     nrook_mini_vaults
D:15:     grunt_enter_depths_snipers, hangedman_decor_riveting
Temple:   nicolae_temple_x_marks_the_god
Lair:1:   grunt_megastairs_4
Lair:2:   minmay_guarded_unrand_snakebite, shoals_dummy_entry,
          bobbens_dragon_lair_wall, uniq_nergalle
Lair:3:   st_stairs_6, infiniplex_staircase_pool
Lair:4:   wad_woods_04, minmay_snake_entry_guardpost_small, basic_altar
Lair:5:   eino_small_chamber_without_monster
Lair:6:   wormcave, guppyfry_lair_end_dragon, minmay_slime_entry_pillars,
          serial_bayou_pond_d, columned_hall_lemuel, uniq_josephine
Shoals:2: serial_shops, nicolae_shop_crystal
Shoals:3: nicolae_shoals_island_circles
Shoals:4: shoals_end_grunt_ice, shoal_ilsuiw
Snake:1:  grunt_ministairs_14, st_stairs_14, serial_bayou_shore_a
Snake:3:  serial_bayou_shore_b, minmay_shoptagon, uniq_jorgrun, uniq_asterion
Snake:4:  minmay_snake_end_coiled
Orc:1:    bloody_makhleb
Orc:2:    st_orc_pillars, enter_volcano_1, serial_shops, shop, shop_statue,
          nicolae_shop_waterfront
Elf:1:    eino_elf_arrival_customs, portal_ice_cave_entry_pillars_2,
          orc_legates, nicolae_elf_big_sculpture_3, grunt_megastairs_3,
          uniq_frances
Elf:3:    elf_hall_gauntlet_narrow, serial_shops, shop, nicolae_shop_crystal,
          shop, shop_coins, shop
Vaults:1: nicolae_vaults_arrows, v_pattern_5, nicolae_vaults_big_angled_halls,
          v_misc_17, v_misc_10, ontoclasm_vaults_tryst,
          vaults_room_grunt_arrival_checkpoint, st_check,
          vaults_room_semicircle, nicolae_vaults_little_squares_2,
          vaults_room_door_ring
Vaults:2: vaults_room_mumra_shop_pool, ontoclasm_vaults_ring_small, v_pattern_3,
          v_misc_30, st_cells, hangedman_vaults_pinch, vaults_dpeg_spiral,
          serial_shops, nicolae_shop_behind_doors, uniq_mennas, uniq_saint_roka
Vaults:3: vaults_room_door_hall, v_misc_13, vaults_dpeg_encased_lava,
          grunt_vaults_diagonal, nicolae_vaults_little_squares_5, v_misc_17,
          ontoclasm_vaults_decontamination, minmay_crypt_entry_nasty_monster,
          serial_shops, bzr_entry_islet, shop
Vaults:4: vaults_room_door_hall, ontoclasm_vaults_claustrophobia,
          nicolae_vaults_angled_halls, nicolae_vaults_stairing_the_circle,
          serial_ice_m, v_misc_23, nicolae_vaults_sealed_display,
          vaults_room_pools, vaults_room_door_ring, nicolae_vaults_triangles,
          hangedman_vaults_locks, ontoclasm_vaults_twist, v_misc_30,
          ontoclasm_vaults_ring_small
Depths:1: hell_entry, minmay_misc_feat_roman, minmay_item_behind_shaft,
          lemuel_flamethrower_3
Depths:2: minmay_stepped, enter_ziggurat_f, rand_demon_pan_entry_5,
          abyss_entry_crystal, hangedman_decor_lopped, hell_entry,
          serial_co_window_serial, co_window_corner_a,
          co_window_of_opportunity_a, co_window_paths_a, co_window_corner_a,
          co_window_paths_b, co_window_corner_b, co_window_of_opportunity_c,
          co_window_2corner, co_window_2corner, co_window_paths_c,
          glass_columns_a, glass_columns_a, glass_columns_a, uniq_enchantress
Depths:3: minmay_mutant_horseshoe, serial_shops, kennysheep_mini, hell_entry,
          pan_entry, mikee_hates_you, minmay_staircase_bubble, uniq_xtahua
Depths:4: minmay_expanding_squares, hangedman_coc_ice_floe, abyss_entry,
          serial_shops, bzr_entry_customers, infiniplex_staircase_star,
          uniq_mara, uniq_boris, uniq_margery
Depths:5: lemuel_castle_with_subvaults, minmay_misc_feat_ornament, hell_entry,
          spider_trap
Zot:1:    grunt_megastairs_2
Zot:3:    basic_stair_grate_trap
Bazaar:   bazaar_mystics, dpeg_bazaar_wands
Ossuary:  ossuary_the_hunt_dpeg
Bailey:   bailey_polearm_4, bailey
Volcano:  kennysheep_volcano_temple

Skill      XL: |  1  2  3  4  5  6  7  8  9 10 11 12 13 14 15 16 17 18 19 20 21 22 23 24 25 26 27 |
---------------+----------------------------------------------------------------------------------+-----
Dodging        | 1 2 4 5 6 8 9 10 11 13 14 15 | 15.2
Stealth        | 2 |  2.6
Polearms       | 1 3 5 7 9 12 13 14 16 17 18 19 | 19.1
Fighting       | 8 9 10 12 13 14 15 16 17 21 | 21.8
Short Blades   | 4 7 |  7.0
Evocations     | 5 6 7 8 9 10 11 15 | 15.1
Invocations    | 4 6 7 8 10 11 12 | 12.2
Armour         | 4 6 9 10 14 | 14.1
Charms         | 4 5 6 7 9 |  9.7
Air Magic      | 4 5 |  5.2
Spellcasting   | 3 4 6 |  6.5
Translocations | 5 6 10 | 10.2
Shields        | 4 8 13 14 15 | 15.0
Necromancy     | 6 10 | 10.0
Summonings     | 4 |  4.3
Axes           | 9 14 17 | 17.6
Crossbows      | |  2.8
Throwing       | |  1.0

Action                   |  1- 3 |  4- 6 |  7- 9 | 10-12 | 13-15 | 16-18 | 19-21 | 22-24 | 25-27 || total
-------------------------+-------+-------+-------+-------+-------+-------+-------+-------+-------++-------
Melee: Short sword       |   282 |    52 |       |       |       |       |       |       |       ||   334
       Dagger            |       |   152 |   345 |   389 |    23 |       |       |       |       ||   909
       Trident           |       |       |     8 |       |       |       |       |       |       ||     8
       Halberd           |       |       |       |   434 |   304 |       |       |       |       ||   738
       Glaive            |       |       |       |     5 |   888 |   685 |       |       |       ||  1578
       Demon trident     |       |       |       |       |       |   770 |  1375 |  1486 |    72 ||  3703
       Broad axe         |       |       |       |       |       |       |       |   126 |  2150 ||  2276
 Fire: Hand crossbow     |     1 |       |       |     4 |       |       |       |       |       ||     5
       Blowgun           |       |       |       |     3 |     1 |       |       |       |       ||     4
Throw: Throwing net      |       |       |       |       |       |     2 |       |       |     2 ||     4
 Cast: Repel Missiles    |       |       |       |       |       |     9 |     6 |     7 |    19 ||    41
       Blink             |       |       |       |       |       |     2 |       |       |     7 ||     9
       Regeneration      |       |       |       |       |       |     1 |     8 |    20 |   128 ||   157
       Apportation       |       |       |       |       |       |       |       |     2 |     1 ||     3
Invok: Recall Ancestor   |       |       |     2 |     4 |     6 |     6 |     3 |     7 |    13 ||    41
       Ancestor Life: Kn |       |       |       |     1 |       |       |       |       |       ||     1
       Idealise          |       |       |       |       |     5 |     7 |     7 |     7 |     8 ||    34
       Transference      |       |       |       |       |       |       |       |     1 |       ||     1
 Abil: Evoke Blink       |       |       |       |     2 |     3 |       |       |       |       ||     5
Evoke: Wand              |       |       |     1 |     9 |    23 |    19 |     9 |     4 |    15 ||    80
       Lamp of fire      |       |       |       |       |       |       |       |     1 |       ||     1
       Fan of gales      |       |       |       |       |       |       |       |       |     1 ||     1
  Use: Scroll            |     4 |     4 |    14 |    14 |    20 |    17 |    11 |    19 |    27 ||   130
       Potion            |       |     4 |     3 |     4 |     1 |     2 |     7 |     5 |    27 ||    53
 Stab: Sleeping          |       |     2 |     3 |     8 |    11 |       |       |       |       ||    24
       Distracted        |       |       |     3 |     6 |    23 |    12 |    27 |    21 |    64 ||   156
       Paralysed         |       |       |       |       |       |     2 |     3 |       |       ||     5
       Invisible         |       |       |       |       |       |       |    18 |     5 |       ||    23
       Confused          |       |       |       |       |       |       |       |       |     8 ||     8
       Held in net/web   |       |       |       |       |       |       |       |       |     1 ||     1
  Eat: Chunk             |     4 |     6 |    12 |    31 |    42 |    23 |    26 |    34 |    17 ||   195
       Royal jelly       |       |       |       |     1 |     1 |       |       |       |       ||     2
       Fruit             |       |       |       |     2 |     5 |    13 |       |       |       ||    20
       Pizza             |       |       |       |       |       |    11 |     1 |       |       ||    12
       Beef jerky        |       |       |       |       |       |     1 |     1 |       |     1 ||     3
       Bread ration      |       |       |       |       |       |       |       |     2 |     7 ||     9
       Meat ration       |       |       |       |       |       |       |       |       |     1 ||     1
Armor: Ring mail         |   143 |    54 |   136 |   190 |    40 |       |       |       |       ||   563
       Robe              |     3 |       |       |       |       |       |       |       |       ||     3
       Skin              |       |       |       |     6 |       |       |       |       |       ||     6
       Steam dragon scal |       |       |       |       |    73 |       |       |       |       ||    73
       Fire dragon scale |       |       |       |       |    64 |   306 |   198 |   297 |   650 ||  1515
       Swamp dragon scal |       |       |       |       |    27 |    87 |     6 |       |       ||   120
Dodge: Dodged            |   176 |   110 |   235 |   455 |   536 |   636 |   349 |   364 |  1392 ||  4253
       Deflected         |       |       |       |       |       |    28 |    35 |    32 |    47 ||   142
Block: Buckler           |       |       |       |       |       |    82 |   126 |       |       ||   208
       Shield            |       |       |       |       |       |       |    60 |   475 |  1315 ||  1850
